 Dungeon Crawl Stone Soup version 0.23.2-33-g5129a83184 (webtiles) character file.

Game seed: 573105121991407679

13 redmage the Charmwright (level 2, 0/26 HPs)
             Began as a Gnoll Skald on June 26, 2019.
             Succumbed to an adder's poison
             ... on level 2 of the Dungeon.
             The game lasted 00:01:56 (175 turns).

redmage the Charmwright (Gnoll Skald)                Turns: 175, Time: 00:01:57

Health: 0/26       AC:  3    Str: 13    XL:     2   Next: 37%
Magic:  4/7        EV: 14    Int: 15    God:
Gold:   45         SH:  0    Dex: 14    Spells: 5/10 levels left

rFire    . . .     SeeInvis .   a - +0 falchion
rCold    . . .     Gourm    .   (no shield)
rNeg     . . .     Faith    .   b - +0 leather armour
rPois    .         Spirit   .   (no helmet)
rElec    .         Reflect  .   (no cloak)
rCorr    .         Harm     .   (no gloves)
MR       .....                  (no boots)
Stlth    +.........             (no amulet)
HPRegen  0.08/turn              (no ring)
MPRegen  0.10/turn              (no ring)

@: lethally poisoned (0 -> -7), shrouded, infused
A: distributed training, fangs 1, talons 1, blurry vision 1, strong nose
a: no special abilities


You were on level 2 of the Dungeon.
You were not hungry.

You visited 1 branch of the dungeon, and saw 2 of its levels.

You collected 45 gold pieces.

Inventory:

Hand Weapons
 a - a +0 falchion (weapon)
Armour
 b - a +0 leather armour (worn)
Potions
 c - a potion of curing {unknown}
Comestibles
 d - 2 rations


   Skills:
 + Level 4.4 Fighting
 + Level 0.3 Short Blades
 + Level 4.4 Long Blades
 + Level 0.3 Axes
 + Level 0.3 Maces & Flails
 + Level 0.3 Polearms
 + Level 0.3 Staves
 + Level 0.3 Slings
 + Level 0.3 Bows
 + Level 0.3 Crossbows
 + Level 0.3 Throwing
 + Level 2.4 Armour
 + Level 4.4 Dodging
 + Level 0.3 Stealth
 + Level 0.3 Shields
 + Level 0.3 Unarmed Combat
 + Level 4.9 Spellcasting
 + Level 0.2 Conjurations
 + Level 0.2 Hexes
 + Level 5.3 Charms
 + Level 0.2 Summonings
 + Level 0.2 Necromancy
 + Level 0.2 Translocations
 + Level 0.2 Transmutations
 + Level 0.2 Fire Magic
 + Level 0.2 Ice Magic
 + Level 0.2 Air Magic
 + Level 0.2 Earth Magic
 + Level 0.2 Poison Magic
 + Level 0.4 Invocations
 + Level 0.3 Evocations


You had 5 spell levels left.
You knew the following spells:

 Your Spells              Type           Power        Failure   Level  Hunger
a - Infusion              Chrm           ###.         2%          1    None
b - Song of Slaying       Chrm           ###.....     3%          2    ##.....
c - Shroud of Golubria    Chrm/Tloc      ##........   10%         2    ##.....

Your spell library contained the following spells:

 Spells                   Type           Power        Failure   Level  Hunger
 Regeneration             Chrm/Necr      ##........   21%         3    ###....
 Spectral Weapon          Hex/Chrm       ##......     21%         3    ###....


Dungeon Overview and Level Annotations

Branches:
Dungeon (2/15)

Altars:


Innate Abilities, Weirdness & Mutations

Your experience applies equally to all skills.
You have very sharp teeth.
Your uncanny sense of smell can sniff out nearby items.
You have sharp toenails.
Scrolls take you a little longer to read.


Message History

You now have 45 gold pieces (gained 12).
Found a hand axe.
You open the door.
There is an open door here.
An adder comes into view.
The adder hisses angrily.
Found 26 sling bullets.
Casting: Shroud of Golubria (safe; 10% risk of failure)
Confirm with . or Enter, or press ? or * to list all spells.
Space distorts slightly along a thin shroud covering your body.
Casting: Shroud of Golubria (safe; 10% risk of failure)
Confirm with . or Enter, or press ? or * to list all spells.
You begin infusing your attacks with magical energy.
The adder bites you.
* * * LOW HITPOINT WARNING * * *
You are lethally poisoned!
The adder poisons you!
It was a potion of mutation.
You feel extremely strange.
Your vision blurs.
Your toenails lengthen and sharpen.
You die...

+## #.).....
...##......(.......
...................
...................
.........##..#.....
...........##%.......
#..........##........
##.........###S.......
#............#@.......
#..........#'#.........
###.....#................
#.......+.........###...#
#.......#................
..............†..........
###....#.....#'#.........
##'###.....#)#.........
#.# #.....#.#####.....


You could see an adder.

Vanquished Creatures
  A dart slug (D:2)
  2 bats
  2 goblins (D:1)
  2 hobgoblins
  A frilled lizard (D:2)
  2 kobolds
  A rat (D:1)
11 creatures vanquished.

Notes
Turn   | Place    | Note
-------+----------+-------------------------------------------
     0 | D:1      | redmage the Gnoll Skald began the quest for the Orb.
     0 | D:1      | Reached XP level 1. HP: 20/20 MP: 6/6
    34 | D:1      | Reached XP level 2. HP: 17/26 MP: 7/7
   100 | D:2      | Learned a level 2 spell: Song of Slaying
   103 | D:2      | Learned a level 2 spell: Shroud of Golubria
   112 | D:2      | HP: 1/26 [worm (10)]
   174 | D:2      | HP: 1/26 [adder (5)]
   175 | D:2      | Gained mutation: Scrolls take you a little longer to read.
                  | [potion of mutation]
   175 | D:2      | Gained mutation: You have sharp toenails. [potion of
                  | mutation]
   175 | D:2      | Succumbed to an adder's poison

Action                   || total
-------------------------++-------
Melee: Falchion          ||    26
       Bite              ||     2
 Cast: Shroud of Golubri ||     2
       Infusion          ||     1
  Use: Potion            ||     1
Armor: Leather armour    ||     5
Dodge: Dodged            ||    13
       Rpst.: Falchion   ||     3
